 Dungeon Crawl Stone Soup version 0.27.1-34-g3ba077fa99 (webtiles) character file.

Game seed: 9732234891260273163

64 DrunkBamboolord the Covered (level 4, 0/37 HPs)
             Began as a Barachi Fighter on Jan 14, 2022.
             Slain by an iguana (11 damage)
             ... on level 4 of the Dungeon.
             The game lasted 00:02:06 (1347 turns).

DrunkBamboolord the Covered (Barachi Fighter)       Turns: 1347, Time: 00:02:07

Health: 0/37       AC:  7    Str: 18    XL:     4   Next: 12%
Magic:  4/4        EV:  7    Int:  9    God:
Gold:   37         SH:  9    Dex: 11    Spells: 3/3 levels left

rFire    . . .     SeeInvis .   a - +1 long sword
rCold    . . .     Faith    .   c - +0 kite shield
rNeg     + . .     Spirit   .   b - +0 scale mail
rPois    .         Reflect  .   (no helmet)
rElec    .         Harm     .   (no cloak)
rCorr    .         Rampage  .   (no gloves)
Will     +....                  (no boots)
Stlth    ..........             (no amulet)
HPRegen  0.12/turn              f - ring of positive energy
MPRegen  0.09/turn              h - ring of willpower

@: slow
A: amphibious, slowness 1, strong legs 1, +LOS
a: Hop


You were on level 4 of the Dungeon.
You visited 1 branch of the dungeon, and saw 3 of its levels.

You collected 37 gold pieces.

Inventory:

Hand Weapons
 a - a +1 long sword (weapon)
Armour
 b - a +0 scale mail (worn)
 c - a +0 kite shield (worn)
Jewellery
 f - a ring of positive energy (left hand)
 h - a ring of willpower (right hand)
Scrolls
 g - a scroll of blinking {unknown}
Potions
 d - a potion of might
 e - a potion of magic
 i - a potion of curing {unknown}


   Skills:
 * Level 4.1 Fighting
 * Level 3.5 Long Blades
 * Level 4.3 Armour
 * Level 3.8 Shields


You had 3 spell levels left.
You didn't know any spells.
Your spell library was empty.

Dungeon Overview and Level Annotations

Branches:
Dungeon (2/15)

Altars:


Innate Abilities, Weirdness & Mutations

You are amphibious.
You cover ground slowly.
You can hop short distances.
You have an extended range of vision and can be seen from far away.


Message History

A gnoll is nearby!
You block the gnoll's attack.
You see here a ball python corpse.
A gnoll is nearby!
You barely miss the gnoll. You block the gnoll's attack.
A gnoll is nearby!
You slash the gnoll!
The gnoll is severely wounded.
The gnoll hits you but does no damage. x2
A gnoll is nearby!
You hit the gnoll.
You kill the gnoll!
You have reached level 4!
You feel clever.
You see here a +0 spear.
Found 22 bolts.
As you read the scroll labelled GAILASETRE, it crumbles to dust.
It is a scroll of identify.
e - a potion of magic You fall into a shaft and drop 2 floors!
The shaft crumbles and collapses.
Found a hand axe and a scroll labelled APHUDA LIER.
g - a scroll labelled APHUDA LIER An iguana comes into view.
The iguana hisses angrily.
The iguana bites you!
You hit the iguana but do no damage. The iguana bites you.
You hit the iguana but do no damage.
The iguana bites you but does no damage.
You hit the iguana.
The iguana is lightly wounded.
The iguana bites you. x2
You hit the iguana.
The iguana is lightly wounded.
The iguana bites you!
* * * LOW HITPOINT WARNING * * *
You hit the iguana but do no damage.
The iguana is lightly wounded.
The iguana bites you!
You die...

### .# ..# .# #.#
###.##### # #.#
##.......# .###.#
#........# ....#
#......).### #..#
#...........
#l.####........###
#@.............#
#.........####........#
########### #........#
##########


You could see an iguana.

Vanquished Creatures
  2 adders (D:2)
  A gnoll (D:2)
  5 endoplasms (D:1)
  3 giant cockroaches
  A goblin (D:1)
  7 hobgoblins
  6 ball pythons
  4 bats (D:1)
  A frilled lizard (D:2)
  2 kobolds (D:1)
  A rat (D:2)
33 creatures vanquished.

Notes
Turn   | Place    | Note
-------+----------+-------------------------------------------
     0 | D:1      | DrunkBamboolord the Barachi Fighter began the quest for the
                  | Orb.
     0 | D:1      | Reached XP level 1. HP: 18/18 MP: 1/1
   210 | D:1      | Reached XP level 2. HP: 25/25 MP: 2/2
   608 | D:1      | Reached XP level 3. HP: 30/30 MP: 3/3
  1049 | D:2      | Found a faded altar of an unknown god.
  1328 | D:2      | Reached XP level 4. HP: 37/37 MP: 4/4
  1331 | D:2      | You fall into a shaft and drop 2 floors!
  1347 | D:4      | Slain by an iguana

Illustrated notes

Levels and vault maps discovered:
D:1:      sevenhm_arrival_forest_fort_large_4, layout_loops_ring
D:2:      layout_basic, hellmonk_ecumenical_altar_pennies_from_heaven,
          serial_forest, infiniplex_forest_lined_1, infiniplex_forest_end_2,
          infiniplex_forest_straight_1, infiniplex_forest_fountain,
          infiniplex_forest_end_1, infiniplex_forest_zigzag_2,
          infiniplex_forest_end_1, kennysheep_path_1, minmay_tetromino_s4
D:4:      layout_loops_corners, nicolae_alphabet_shops, roderic_batcave,
          kennysheep_cluttered_room, uniq_natasha

Skill      XL: |  1  2  3 |
---------------+----------+-----
Armour         | 4 |  4.3
Fighting       | 4 |  4.1
Long Blades    | 3 |  3.5
Shields        | |  3.8

Action                   |  1- 3 |  4- 6 || total
-------------------------+-------+-------++-------
Melee: Long sword        |   101 |     5 ||   106
 Abil: Hop               |     1 |       ||     1
  Use: Scroll            |     1 |     1 ||     2
Armor: Scale mail        |    61 |     1 ||    62
Dodge: Dodged            |    35 |       ||    35
Block: Kite shield       |    52 |       ||    52
       Rpst.: Long sword |    12 |       ||    12
